[Event "January 2 Late 2024"]
[Site "https://www.chess.com"]
[Date "2024.01.02"]
[Round "10"]
[White "CRObliterator"]
[Black "Grinev, Valeriy"]
[Result "1-0"]
[Board "68"]
[TimeControl "180+1"]
[BlackFideId "14117517"]
[WhiteElo "2385"]
[BlackElo "2546"]
[BlackTeam "UKR"]
[WhiteClock "0:00:16"]
[BlackClock "0:00:58"]

1. d4 c5 2. e4 cxd4 3. c3 Nc6 4. cxd4 d6 5. Nc3 e6 6. f3 a6 7. Be3 Nge7 8. Qd2 d5 9. Rd1 h6 10. h4 Bd7 11. Nge2 dxe4 12. fxe4 h5 13. d5 exd5 14. exd5 Ne5 15. d6 N7g6 16. Nf4 Bg4 17. Be2 Bxe2 18. Qxe2 Qd7 19. Nxg6 fxg6 20. Bf4 O-O-O 21. Bxe5 Re8 22. O-O g5 23. Qc4+ Kb8 24. Qc7+ Qxc7 25. dxc7+ Ka7 26. Bd4+ b6 27. Rf7 Kb7 28. c8=Q+ Kxc8 29. Bxb6 gxh4 30. Rdd7 Bb4 31. Nd5 Rh6 32. Rc7+ Kb8 33. Ba7+ Ka8 34. Rcd7 Re1+ 35. Kf2 Re8 36. Nb6+ Rxb6 37. Bxb6 a5 38. Rxg7 h3 39. gxh3 h4 40. Be3 Rf8+ 41. Rdf7 Re8 42. Ra7+ Kb8 43. Rgb7+ Kc8 44. Ra8+ Kxb7 45. Rxe8 Kc6 46. Re4 Kd5 47. Rxh4 Be1+ 48. Kxe1 1-0

[Event "January 2 Late 2024"]
[Site "https://www.chess.com"]
[Date "2024.01.02"]
[Round "10"]
[White "Pinheiro, Iung Alicio de O."]
[Black "Carrasco Miranda, Andres"]
[Result "1-0"]
[Board "69"]
[TimeControl "180+1"]
[WhiteFideId "2104350"]
[BlackFideId "3405990"]
[WhiteElo "2545"]
[BlackElo "2423"]
[WhiteTeam "BRA"]
[BlackTeam "CHI"]
[WhiteClock "0:00:13"]
[BlackClock "0:00:00"]

1. e4 e5 2. Nf3 Nc6 3. g3 Nf6 4. d3 d5 5. exd5 Nxd5 6. Bg2 Be7 7. O-O O-O 8. Re1 Bf6 9. Nbd2 Bf5 10. Nc4 Re8 11. a4 Rb8 12. Nfd2 Qd7 13. Ne4 Be7 14. c3 Bg6 15. Qb3 a6 16. a5 h6 17. Qa4 f5 18. Ned2 Bc5 19. Nf3 e4 20. dxe4 fxe4 21. Nh4 Bh7 22. Ne3 Nxe3 23. Bxe3 Bxe3 24. Rxe3 Qd2 25. Bxe4 Bxe4 26. Rxe4 Qxb2 27. Qc4+ Kh7 28. Rae1 Rxe4 29. Qxe4+ Kg8 30. Qe6+ Kh7 31. Qg6+ Kh8 32. Re3 Rd8 33. Nf5 Rg8 34. Nxh6 Qc1+ 35. Kg2 1-0

[Event "January 2 Late 2024"]
[Site "https://www.chess.com"]
[Date "2024.01.02"]
[Round "10"]
[White "Tabuenca Mendataurigoitia, Daniel"]
[Black "Slavin, Alexey"]
[Result "1-0"]
[Board "70"]
[TimeControl "180+1"]
[WhiteFideId "24563617"]
[BlackFideId "24104388"]
[WhiteElo "2536"]
[BlackElo "2294"]
[WhiteTeam "ESP"]
[BlackTeam "RUS"]
[WhiteClock "0:00:26"]
[BlackClock "0:00:26"]

1. Nf3 Nc6 2. g3 Nf6 3. Bg2 e5 4. d3 d6 5. O-O Be7 6. c4 O-O 7. Nc3 Bd7 8. Rb1 Qc8 9. b4 Bh3 10. b5 Nb8 11. Bg5 Bxg2 12. Kxg2 h6 13. Bxf6 Bxf6 14. Nd5 Bd8 15. a4 Nd7 16. Nd2 f5 17. e3 c6 18. Nc3 Ba5 19. Qb3 Nc5 20. Qc2 Bxc3 21. Qxc3 Nxa4 22. Qa3 Nc5 23. d4 exd4 24. exd4 Ne4 25. Nxe4 fxe4 26. Qxd6 Qf5 27. bxc6 bxc6 28. Qxc6 Qf3+ 29. Kg1 Kh8 30. Rbe1 Rae8 31. Re3 Qf5 32. c5 Re6 33. Qd7 Rf7 34. Qc8+ Rf8 35. Qb7 Rf7 36. Qa8+ Kh7 37. f3 Rf8 38. Qb7 Rf7 39. Qb1 Rfe7 40. fxe4 Qg5 41. e5+ Kg8 42. Ref3 Re8 43. Qb3 Qd2 44. Rf8+ Kh7 45. Qb1+ Rg6 46. Rxe8 Qxd4+ 47. Rf2 Qxc5 48. Rh8+ Kxh8 49. Qxg6 Qxe5 50. Rf8# 1-0

[Event "January 2 Late 2024"]
[Site "https://www.chess.com"]
[Date "2024.01.02"]
[Round "10"]
[White "Ismayil, Malak"]
[Black "Ghosh, Chanchal Kumer"]
[Result "1-0"]
[Board "71"]
[TimeControl "180+1"]
[WhiteFideId "13412604"]
[BlackFideId "10201858"]
[WhiteElo "2535"]
[BlackElo "2164"]
[WhiteTeam "AZE"]
[BlackTeam "BAN"]
[WhiteClock "0:00:22"]
[BlackClock "0:00:01"]

1. e4 c5 2. Nf3 d6 3. Bb5+ Bd7 4. Bxd7+ Qxd7 5. c4 e6 6. Nc3 Nc6 7. d4 cxd4 8. Nxd4 Nxd4 9. Qxd4 a6 10. O-O Nf6 11. Bg5 Be7 12. Rad1 O-O 13. Bxf6 Bxf6 14. e5 Be7 15. exd6 Bf6 16. Qd3 Rfc8 17. b3 b5 18. Ne4 bxc4 19. bxc4 Be5 20. f4 Bf6 21. Nxf6+ gxf6 22. Qd4 Rc6 23. Rf3 Qd8 24. Rg3+ Kh8 25. Rh3 Kg7 26. Qe4 h6 27. Qxc6 Rc8 28. Qe4 Rc5 29. d7 a5 30. Rg3+ Kh8 31. Qd4 Rf5 32. c5 e5 33. fxe5 fxe5 34. Qd6 Kh7 35. Qd3 1-0

[Event "January 2 Late 2024"]
[Site "https://www.chess.com"]
[Date "2024.01.02"]
[Round "10"]
[White "Chirilov, James A"]
[Black "Tagliati, Eleonore"]
[Result "1-0"]
[Board "72"]
[TimeControl "180+1"]
[WhiteFideId "30976677"]
[BlackFideId "45172234"]
[WhiteElo "2761"]
[BlackElo "2241"]
[WhiteTeam "USA"]
[BlackTeam "FRA"]
[WhiteClock "0:00:40"]
[BlackClock "0:00:00"]

1. e4 c5 2. Nf3 Nc6 3. d4 cxd4 4. Nxd4 e5 5. Nb5 d6 6. N1c3 a6 7. Na3 Be6 8. Nc4 Rb8 9. Ne3 Nf6 10. Bd3 Be7 11. O-O O-O 12. Ncd5 Rc8 13. c3 Nb8 14. a4 Nbd7 15. Bc2 Nc5 16. Qf3 Bxd5 17. exd5 e4 18. Qh3 a5 19. Nf5 g6 20. Nxe7+ Qxe7 21. Bg5 Qe5 22. Qh4 Nfd7 23. Rad1 f6 24. Bf4 Qe7 25. Qg3 Ne5 26. b4 axb4 27. cxb4 Ncd3 28. Bxd3 exd3 29. Bxe5 dxe5 30. Qxd3 Qxb4 31. d6 Qxa4 32. Qd5+ Rf7 33. Rc1 Rd8 34. Rc7 Qe8 35. Rb1 Kf8 36. Rbxb7 Rxc7 37. Rxc7 Rd7 38. Qc6 Rxc7 39. Qxc7 Qb5 40. h3 Qb1+ 41. Kh2 Qf5 42. d7 Qf4+ 43. Kg1 Qd4 44. d8=Q+ Qxd8 45. Qxd8+ 1-0

[Event "January 2 Late 2024"]
[Site "https://www.chess.com"]
[Date "2024.01.02"]
[Round "10"]
[White "Tikhonov, Viacheslav"]
[Black "Han, Yichen"]
[Result "0-1"]
[Board "73"]
[TimeControl "180+1"]
[WhiteFideId "44196407"]
[BlackFideId "1054430"]
[WhiteElo "2479"]
[BlackElo "2681"]
[WhiteTeam "RUS"]
[BlackTeam "NED"]
[WhiteClock "0:00:07"]
[BlackClock "0:00:06"]

1. d4 Nf6 2. c4 e6 3. Nf3 a6 4. Nc3 d5 5. cxd5 exd5 6. Bf4 Bd6 7. Bg5 O-O 8. e3 c6 9. Bd3 Be6 10. O-O Nbd7 11. Qc2 h6 12. Bf4 Qc7 13. Bg3 Rfe8 14. Rac1 Rac8 15. Na4 Bxg3 16. hxg3 Bg4 17. Nc5 Nxc5 18. Qxc5 Bxf3 19. gxf3 Qd7 20. Kg2 Qe6 21. Qc2 Rc7 22. b4 Rce7 23. a4 Nd7 24. Bh7+ Kh8 25. Bf5 Qd6 26. Bxd7 Rxd7 27. Qc5 Qf6 28. b5 cxb5 29. axb5 a5 30. b6 Ra8 31. Ra1 a4 32. Qb5 Rdd8 33. Rfb1 a3 34. Qb3 Qd6 35. Ra2 Ra6 36. Qb4 Kg8 37. Qb5 Rc8 38. Rb3 h5 39. Qd3 Rca8 40. Qc3 h4 41. Qc5 Qg6 42. Qxd5 hxg3 43. fxg3 Rxb6 44. Rbxa3 Rxa3 45. Rxa3 Qc2+ 46. Kh3 Rh6+ 47. Kg4 Rg6+ 48. Kh3 Rh6+ 49. Kg4 Qg6+ 50. Qg5 Qe6+ 51. Kf4 Rf6+ 52. Qxf6 Qxf6+ 53. Ke4 Qc6+ 54. Kd3 Qxf3 55. Ra8+ Kh7 56. Rb8 Qd1+ 57. Ke4 Qc2+ 58. Kd5 Qf5+ 59. Kc4 Qe6+ 60. d5 Qe4+ 61. Kc5 Qxe3+ 62. Kd6 Qxg3+ 63. Ke7 Qxb8 64. d6 b5 65. d7 b4 66. Kxf7 b3 67. Ke6 b2 68. Kf7 b1=Q 69. Ke7 Qe4+ 70. Kf7 Qbf4# 0-1

[Event "January 2 Late 2024"]
[Site "https://www.chess.com"]
[Date "2024.01.02"]
[Round "10"]
[White "Mirzoev, Azer"]
[Black "Mizzi, Jack"]
[Result "0-1"]
[Board "74"]
[TimeControl "180+1"]
[WhiteFideId "13400304"]
[BlackFideId "5602521"]
[WhiteElo "2638"]
[BlackElo "2459"]
[WhiteTeam "AZE"]
[BlackTeam "MLT"]
[WhiteClock "0:00:00"]
[BlackClock "0:01:07"]

1. e4 c6 2. Nc3 d5 3. Nf3 dxe4 4. Nxe4 Bg4 5. h3 Bxf3 6. Qxf3 Nf6 7. Nc3 e6 8. g3 Nbd7 9. Bg2 Bc5 10. Qe2 O-O 11. d3 Re8 12. Bd2 a5 13. O-O Rc8 14. Kh1 b5 15. f4 e5 16. f5 b4 17. Ne4 Nxe4 18. dxe4 Bd4 19. Rab1 Qb6 20. g4 Qb5 21. Qf3 Nf8 22. g5 Qc4 23. c3 bxc3 24. bxc3 Ba7 25. Rb2 Rb8 26. Rc2 a4 27. Rfc1 a3 28. Bf1 Qa4 29. Be1 Rb2 30. Qg2 Reb8 31. Re2 Rxe2 32. Qxe2 Rb2 33. Qc4 Qa5 34. h4 Qb6 0-1

[Event "January 2 Late 2024"]
[Site "https://www.chess.com"]
[Date "2024.01.02"]
[Round "10"]
[White "Lopusiewicz, Piotr"]
[Black "CamillaEffect"]
[Result "0-1"]
[Board "75"]
[TimeControl "180+1"]
[WhiteFideId "1116029"]
[WhiteElo "2456"]
[BlackElo "2635"]
[WhiteTeam "POL"]
[WhiteClock "0:01:36"]
[BlackClock "0:00:34"]

1. d4 d5 2. c4 c6 3. Nf3 Nf6 4. cxd5 cxd5 5. Nc3 Nc6 6. Bf4 Bf5 7. Qb3 Na5 8. Qa4+ Bd7 9. Qc2 e6 10. e3 Rc8 11. Bd3 b5 12. Ne5 b4 13. Ba6 bxc3 14. Nxd7 Nxd7 15. Bxc8 Qxc8 16. O-O Be7 17. Rac1 O-O 18. Qa4 Nc4 19. Rxc3 Qb7 20. b3 Ndb6 0-1

[Event "January 2 Late 2024"]
[Site "https://www.chess.com"]
[Date "2024.01.02"]
[Round "10"]
[White "Baules Rodriguez, Jorge Luis"]
[Black "Bjelobrk, Igor"]
[Result "0-1"]
[Board "76"]
[TimeControl "180+1"]
[WhiteFideId "6600247"]
[BlackFideId "4300726"]
[WhiteElo "2449"]
[BlackElo "2634"]
[WhiteTeam "PAN"]
[BlackTeam "AUS"]
[WhiteClock "0:00:17"]
[BlackClock "0:01:15"]

1. e4 e6 2. d4 d5 3. e5 c5 4. c3 Nc6 5. Nf3 Qb6 6. a3 c4 7. Nbd2 Na5 8. g3 Bd7 9. h4 Ne7 10. Bh3 h6 11. h5 Qc7 12. O-O O-O-O 13. Ne1 g5 14. Ng2 Nf5 15. Ne3 Kb8 16. Qf3 Qc8 17. Rb1 Rg8 18. Bxf5 exf5 19. Qxd5 f4 20. Qxa5 fxe3 21. fxe3 Bc6 22. Rxf7 Rd5 23. Rxf8 Rxf8 24. Qb4 a5 25. Qe7 Qf5 26. Kh2 Rd7 27. Qc5 Qf2+ 28. Kh3 Bg2+ 0-1

[Event "January 2 Late 2024"]
[Site "https://www.chess.com"]
[Date "2024.01.02"]
[Round "10"]
[White "Espinoza Villanueva, Rodrigo"]
[Black "Vujacic, Igor"]
[Result "1-0"]
[Board "77"]
[TimeControl "180+1"]
[WhiteFideId "5140188"]
[BlackFideId "932620"]
[WhiteElo "2626"]
[BlackElo "2448"]
[WhiteTeam "MEX"]
[BlackTeam "MNE"]
[WhiteClock "0:00:44"]
[BlackClock "0:00:01"]

1. Nf3 d5 2. g3 Nd7 3. Bg2 e5 4. d3 Ngf6 5. O-O c6 6. c3 Bc5 7. Nbd2 e4 8. dxe4 dxe4 9. Nd4 O-O 10. Nxe4 Nxe4 11. Bxe4 Nf6 12. Bg2 Re8 13. Bg5 Bg4 14. f3 Bd7 15. Kh1 Bb6 16. e4 h6 17. Be3 Qe7 18. Bf2 Rad8 19. Qc2 Bc7 20. Rad1 Nh7 21. a4 Ng5 22. Rfe1 c5 23. Nb5 Bb8 24. f4 Nh3 25. Be3 Bg4 26. Rd2 Rxd2 27. Qxd2 Rd8 28. Qc2 g5 29. e5 b6 30. Na3 Qe6 31. Rf1 Bf5 32. Be4 Bxe4+ 33. Qxe4 gxf4 34. gxf4 Kh8 35. Nc4 f6 36. Nd2 fxe5 37. fxe5 Ng5 38. Bxg5 hxg5 39. Nf3 g4 40. Ng5 Qd5 1-0

[Event "January 2 Late 2024"]
[Site "https://www.chess.com"]
[Date "2024.01.02"]
[Round "10"]
[White "Yagupov, Igor"]
[Black "Xie, Bryan"]
[Result "1-0"]
[Board "78"]
[TimeControl "180+1"]
[WhiteFideId "4113632"]
[BlackFideId "30941296"]
[WhiteElo "2619"]
[BlackElo "2446"]
[WhiteTeam "RUS"]
[BlackTeam "USA"]
[WhiteClock "0:00:20"]
[BlackClock "0:00:01"]

1. Nf3 d5 2. c4 d4 3. e3 Nc6 4. exd4 Nxd4 5. Nxd4 Qxd4 6. Nc3 Nf6 7. Nb5 Qd8 8. d4 c6 9. Nc3 Bf5 10. d5 e6 11. Bg5 Bb4 12. dxc6 Qxd1+ 13. Rxd1 bxc6 14. Bd2 Rd8 15. a3 Bd6 16. f3 Be5 17. Rc1 Ke7 18. g3 Bd3 19. Na4 Bxf1 20. Rxf1 Bd4 21. Bb4+ Ke8 22. Bc5 e5 23. Bxd4 exd4 24. Kd2 Kd7 25. Nc5+ Kc7 26. Rfe1 Rhe8 27. Kd3 Nd7 28. Nxd7 Rxe1 29. Rxe1 Rxd7 30. c5 a5 31. Re4 a4 32. Rxd4 Rd5 33. Rxd5 cxd5 34. Kc3 Kc6 35. b4 axb3 36. Kxb3 Kxc5 37. Kc3 f5 38. f4 g6 39. h3 d4+ 40. Kd3 Kd5 41. a4 Kc5 42. g4 fxg4 43. hxg4 h5 44. f5 gxf5 45. gxh5 f4 46. h6 f3 47. h7 f2 48. Ke2 Kc4 49. h8=Q d3+ 50. Kxf2 d2 51. Ke2 1-0

[Event "January 2 Late 2024"]
[Site "https://www.chess.com"]
[Date "2024.01.02"]
[Round "10"]
[White "Caspi, Israel"]
[Black "ArchibaldCerveza29"]
[Result "1/2-1/2"]
[Board "79"]
[TimeControl "180+1"]
[WhiteFideId "2807394"]
[WhiteElo "2605"]
[BlackElo "2441"]
[WhiteTeam "ISR"]
[WhiteClock "0:00:46"]
[BlackClock "0:00:02"]

1. d4 d5 2. Bf4 c5 3. e3 Nc6 4. Nf3 Nf6 5. c3 g6 6. Nbd2 Bg7 7. dxc5 Nh5 8. Bg5 O-O 9. Nb3 a5 10. a4 Qe8 11. Bb5 e5 12. Qxd5 Be6 13. Qd1 h6 14. Bh4 f5 15. Nfd2 g5 16. Bg3 f4 17. Bc4 fxg3 18. hxg3 Nf6 19. Qe2 Rd8 20. O-O-O e4 21. f3 Ne5 22. Bxe6+ Qxe6 23. Kb1 Qc6 24. Qb5 Nd5 25. Nxe4 Nxe3 26. Rxd8 Rxd8 27. Qxa5 Rf8 28. Nd4 Qd5 29. Rg1 N5c4 30. Qb4 Bxd4 31. cxd4 Qxd4 32. Qxb7 Nd1 33. Re1 Ndxb2 34. Qc6 Qd3+ 35. Kc1 Kg7 36. Rh1 Qe3+ 37. Kb1 Qd3+ 38. Ka2 Qa3+ 39. Kb1 Qd3+ 40. Ka2 Qa3+ 41. Kb1 Qd3+ 1/2-1/2

[Event "January 2 Late 2024"]
[Site "https://www.chess.com"]
[Date "2024.01.02"]
[Round "10"]
[White "Gontcharov, Vladislav"]
[Black "Gabdushev, Ruslan"]
[Result "1-0"]
[Board "80"]
[TimeControl "180+1"]
[WhiteFideId "4123492"]
[BlackFideId "4137833"]
[WhiteElo "2582"]
[BlackElo "2435"]
[WhiteTeam "RUS"]
[BlackTeam "RUS"]
[WhiteClock "0:00:21"]
[BlackClock "0:00:00"]

1. d4 c6 2. Nf3 d6 3. c4 Bg4 4. e3 Nf6 5. Be2 Nbd7 6. Nc3 e5 7. O-O Be7 8. b3 O-O 9. e4 Re8 10. Be3 Qc7 11. Rc1 Rad8 12. d5 Nf8 13. Ne1 Bc8 14. Nd3 Ng6 15. Qd2 c5 16. h3 a6 17. g4 h6 18. f4 exf4 19. Nxf4 Ne5 20. Rf2 Nh7 21. Rcf1 Bh4 22. Rg2 Ng5 23. Kh2 Qa5 24. Nh5 Ng6 25. Qc2 Re7 26. a4 Rde8 27. Bd3 Ne5 28. Bxg5 Bxg5 29. Ng3 Ng6 30. Nce2 Nh4 31. Rgf2 g6 32. Nf4 Qb4 33. Nge2 Kg7 34. Kg3 f6 35. Qb2 Re5 36. Bc2 b5 37. Nd3 Qa5 38. Nxe5 Rxe5 39. Bd3 Bd7 40. axb5 axb5 41. Ra1 Qb6 42. Qa3 Re7 43. Qa5 Qb8 44. Qa8 Qb6 45. Ra6 Qc7 46. Ra7 Qb6 47. Qb7 Qxb7 48. Rxb7 bxc4 49. bxc4 f5 50. gxf5 gxf5 51. Nc3 1-0

[Event "January 2 Late 2024"]
[Site "https://www.chess.com"]
[Date "2024.01.02"]
[Round "10"]
[White "Seletsky, Grigory"]
[Black "Aggelis, Nikolaos"]
[Result "0-1"]
[Board "81"]
[TimeControl "180+1"]
[WhiteFideId "14112191"]
[BlackFideId "4213220"]
[WhiteElo "2431"]
[BlackElo "2564"]
[WhiteTeam "UKR"]
[BlackTeam "GRE"]
[WhiteClock "0:00:12"]
[BlackClock "0:00:08"]

1. c3 d5 2. d4 Nf6 3. Bf4 Nh5 4. Be5 Nf6 5. e3 Nbd7 6. Bf4 Ne4 7. Nd2 Ndf6 8. Nxe4 Nxe4 9. Nf3 Bf5 10. Qb3 Rb8 11. Be2 e6 12. O-O Bd6 13. Bxd6 cxd6 14. Qa4+ Kf8 15. Qxa7 g5 16. Rfd1 h5 17. Qa4 h4 18. Nd2 Nxd2 19. Rxd2 g4 20. Bd3 Bxd3 21. Rxd3 Qg5 22. Qd1 Ke7 23. Qe2 f5 24. Rf1 b5 25. a3 Rbg8 26. Rd2 g3 27. fxg3 hxg3 28. h3 Rh4 29. Rf3 Re4 30. Qe1 Kd7 31. Re2 Kc6 32. Kf1 Qh6 33. Kg1 Qh4 34. Qf1 Qg5 35. Rf4 Rf8 36. Rxe4 dxe4 37. Qf4 Qxf4 38. exf4 Kd5 39. Re3 Rg8 40. b3 Rg7 41. Kf1 Ra7 42. Rxg3 Rxa3 43. c4+ Kxd4 44. cxb5 e3 45. Ke2 Ra2+ 46. Ke1 Kd3 0-1

[Event "January 2 Late 2024"]
[Site "https://www.chess.com"]
[Date "2024.01.02"]
[Round "10"]
[White "Mazurkiewicz, Michal"]
[Black "Matta, Nicholas"]
[Result "1-0"]
[Board "82"]
[TimeControl "180+1"]
[WhiteFideId "1124943"]
[BlackFideId "30914523"]
[WhiteElo "2430"]
[BlackElo "2549"]
[WhiteTeam "POL"]
[BlackTeam "USA"]
[WhiteClock "0:00:11"]
[BlackClock "0:01:08"]

1. e4 g6 2. d4 Bg7 3. Nc3 d6 4. f4 Nf6 5. Nf3 O-O 6. e5 dxe5 7. dxe5 Qxd1+ 8. Nxd1 Nd5 9. a3 Bg4 10. c4 Bxf3 11. gxf3 Nb6 12. Nc3 Nc6 13. Be3 Rad8 14. c5 Nd5 15. Nxd5 Rxd5 16. Bc4 Rdd8 17. h4 Nd4 18. Kf2 Nc2 19. Rad1 e6 20. h5 gxh5 21. Bd3 Nxe3 22. Kxe3 f5 23. exf6 Bxf6 24. Rxh5 Bd4+ 25. Ke2 Rf7 26. b4 Bb2 27. Bxh7+ Rxh7 28. Rxd8+ Kg7 29. Rd7+ Kg6 30. Rhxh7 1-0

[Event "January 2 Late 2024"]
[Site "https://www.chess.com"]
[Date "2024.01.02"]
[Round "10"]
[White "Caglar, Sila"]
[Black "Pinero Rodriguez, Carlos Jose"]
[Result "1-0"]
[Board "83"]
[TimeControl "180+1"]
[WhiteFideId "6364063"]
[BlackFideId "3901726"]
[WhiteElo "2429"]
[BlackElo "2546"]
[WhiteTeam "TUR"]
[BlackTeam "VEN"]
[WhiteClock "0:00:41"]
[BlackClock "0:00:00"]

1. e4 c5 2. Nf3 e6 3. d4 cxd4 4. Nxd4 a6 5. Bd3 Qc7 6. O-O Nf6 7. c4 h5 8. Nc3 Ng4 9. g3 Bc5 10. Nb3 Ba7 11. Kg2 Nc6 12. h3 Nge5 13. Be2 d6 14. f4 Ng6 15. f5 Nge5 16. fxe6 Bxe6 17. Nd5 Bxd5 18. cxd5 Ne7 19. Bg5 Qd7 20. Rc1 Bb6 21. Qd2 Qa4 22. Bf3 f6 23. Be3 Bxe3 24. Qxe3 h4 25. Nd4 O-O 26. Ne6 Rfc8 27. gxh4 N7g6 28. Bh5 Nxh4+ 29. Kh1 Rxc1 30. Rxc1 Qb4 31. Rg1 g5 32. Nxg5 Kf8 33. Ne6+ Ke7 34. Rg7+ Nf7 35. Rxf7+ 1-0

[Event "January 2 Late 2024"]
[Site "https://www.chess.com"]
[Date "2024.01.02"]
[Round "10"]
[White "Przybylski, Wojciech"]
[Black "Alvarado, Carlos"]
[Result "1-0"]
[Board "84"]
[TimeControl "180+1"]
[WhiteFideId "1117599"]
[BlackFideId "3800555"]
[WhiteElo "2545"]
[BlackElo "2426"]
[WhiteTeam "POL"]
[BlackTeam "PER"]
[WhiteClock "0:00:02"]
[BlackClock "0:00:00"]

1. e4 c6 2. d4 d5 3. Nc3 dxe4 4. Nxe4 Nf6 5. Nxf6+ exf6 6. c3 Bd6 7. Bd3 Na6 8. Qc2 h6 9. Ne2 Nc7 10. O-O O-O 11. Ng3 Nd5 12. Ne4 Bc7 13. Ng3 Re8 14. Bh7+ Kh8 15. Bf5 Bxg3 16. hxg3 Bxf5 17. Qxf5 Qc8 18. Qxc8 Raxc8 19. Bd2 Rcd8 20. Rfe1 Kg8 21. Kf1 f5 22. a4 g5 23. Re2 Rxe2 24. Kxe2 Re8+ 25. Kd3 Nf6 26. b4 Ne4 27. Be1 a6 28. c4 Rd8 29. b5 Kh7 30. f3 Nc5+ 31. Kc3 Ne6 32. Bf2 axb5 33. axb5 cxb5 34. cxb5 Nc7 35. Kc4 Rc8 36. Ra7 Ne6+ 37. Kd3 Rc7 38. d5 Rd7 39. Kc4 Nf8 40. b6 Ng6 41. Bd4 h5 42. Bf6 f4 43. Bxg5 fxg3 44. Bf6 Nf4 45. Be5 Nxd5 46. Kc5 h4 47. Ra8 Kg6 48. Rg8+ Kf5 49. Bd6 Ne3 50. Rh8 Ke6 51. Rh6+ f6 52. Bc7 Nf5 53. Rh8 Rd2 54. Re8+ Kf7 55. Rb8 Rxg2 56. Rxb7 Rb2 57. Bxg3+ Kg6 58. Bf4 h3 59. Rb8 Ng7 60. Rh8 Ne6+ 61. Kc6 Nxf4 62. b7 Rxb7 63. Kxb7 Kf5 64. Kc6 Ke5 65. Rh4 f5 66. Kc7 Nd5+ 67. Kc6 f4 68. Kc5 Nf6 69. Rxh3 Kf5 70. Rh8 Kg5 71. Kd4 Nh5 72. Ke4 Ng3+ 73. Ke5 Nh5 74. Rg8+ Kh4 75. Rg4+ Kh3 76. Ke4 Ng3+ 77. Kxf4 Ne2+ 78. Ke3 Nc3 79. Rg5 Kh4 80. Rc5 Nd1+ 81. Ke2 Nb2 82. Rc3 1-0

[Event "January 2 Late 2024"]
[Site "https://www.chess.com"]
[Date "2024.01.02"]
[Round "10"]
[White "N_Mullodzhanov"]
[Black "Senft, Sean"]
[Result "1-0"]
[Board "85"]
[TimeControl "180+1"]
[BlackFideId "2044960"]
[WhiteElo "2516"]
[BlackElo "2426"]
[BlackTeam "USA"]
[WhiteClock "0:01:13"]
[BlackClock "0:01:55"]

1. e4 c5 2. c3 d5 3. exd5 Qxd5 4. d4 Nf6 5. Nf3 Bg4 6. Nbd2 e6 7. Bc4 Qd8 8. h3 Bh5 9. O-O Nc6 10. Nb3 cxd4 11. Nbxd4 Nxd4 12. Qxd4 Bxf3 13. Qxd8+ Rxd8 14. gxf3 Bc5 15. b4 Bb6 16. a4 Rc8 17. Bb5+ Ke7 18. a5 Bc7 19. Be3 Be5 20. Bc5+ Bd6 21. Bd4 e5 22. Rfe1 Nd5 23. Bxe5 Bxe5 24. Rxe5+ Kd6 25. Rf5 Nxc3 26. a6 b6 27. Bf1 f6 28. h4 Rhe8 29. Bh3 Rc7 30. Kh2 Re2 31. Kg3 Rb2 32. Re1 Rxb4 33. Rh5 h6 34. Re6+ Kd7 35. Rxb6+ 1-0

[Event "January 2 Late 2024"]
[Site "https://www.chess.com"]
[Date "2024.01.02"]
[Round "10"]
[White "Teimouri Yadkuri, Shahdad"]
[Black "Estrada Nieto, Julian"]
[Result "1-0"]
[Board "86"]
[TimeControl "180+1"]
[WhiteFideId "42515467"]
[BlackFideId "5101018"]
[WhiteElo "2425"]
[BlackElo "2514"]
[WhiteTeam "IRI"]
[BlackTeam "ESP"]
[WhiteClock "0:00:11"]
[BlackClock "0:00:12"]

1. e4 e5 2. Nf3 Nc6 3. Nc3 Nf6 4. d4 exd4 5. Nxd4 Bb4 6. Nxc6 bxc6 7. Bd3 d5 8. exd5 O-O 9. O-O cxd5 10. h3 c6 11. Qf3 Bd6 12. Bf4 Be6 13. Ne2 Re8 14. b3 Qb8 15. Rad1 Bxf4 16. Nxf4 Bd7 17. c4 d4 18. c5 Re5 19. Bc4 Rf5 20. Rxd4 Qe5 21. Rfd1 g5 22. Rxd7 Nxd7 23. Rxd7 Qxf4 24. Qxf4 gxf4 25. Rc7 Rd8 26. Rxc6 Rd1+ 27. Kh2 Rd2 28. Kg1 Re5 29. Rf6 Re1+ 30. Kh2 Rxf2 31. c6 f3 32. Rxf3 Rxf3 33. gxf3 Re7 34. b4 Kf8 35. b5 Ke8 36. a4 Kd8 37. Kg3 Kc7 38. Kf4 Kb6 39. h4 h6 40. Kf5 Re3 41. f4 Rh3 42. Kg4 Ra3 43. Bxf7 Rxa4 44. Be8 Rb4 45. h5 Rxb5 46. c7 Rc5 47. f5 Rxc7 48. f6 a5 49. f7 Rxf7 50. Bxf7 Kc5 51. Kf5 Kd6 52. Kg6 a4 53. Kxh6 Ke7 54. Kg7 a3 55. Ba2 Kd6 56. h6 Kc5 57. h7 Kb4 58. h8=Q Kc3 59. Qg8 Kb2 60. Qb3+ Ka1 61. Qb1# 1-0

[Event "January 2 Late 2024"]
[Site "https://www.chess.com"]
[Date "2024.01.02"]
[Round "10"]
[White "Khodabandeh, Milad"]
[Black "Tifferet, Shakked"]
[Result "0-1"]
[Board "87"]
[TimeControl "180+1"]
[WhiteFideId "12538620"]
[BlackFideId "2811529"]
[WhiteElo "2393"]
[BlackElo "2505"]
[WhiteTeam "IRI"]
[BlackTeam "ISR"]
[WhiteClock "0:00:00"]
[BlackClock "0:00:01"]

1. e4 c5 2. Nf3 e6 3. d4 cxd4 4. Nxd4 Nc6 5. Nc3 a6 6. Be3 Nge7 7. Be2 b5 8. O-O Bb7 9. f4 Rc8 10. Bf3 Nxd4 11. Bxd4 Nc6 12. Be3 b4 13. Ne2 Qa5 14. e5 Bc5 15. Nd4 Qb6 16. c3 O-O 17. Kh1 Rfd8 18. Nxc6 Bxc6 19. Bxc5 Qxc5 20. cxb4 Qxb4 21. Qe2 Bb5 22. Qe1 Qxf4 23. Rf2 Rc5 24. a4 Rxe5 25. Qa5 Rc8 26. axb5 Rxb5 27. Qxa6 Rbc5 28. Rff1 Qd4 29. h3 Qxb2 30. Rab1 Qe5 31. Rb7 Rc1 32. Rb1 Rxf1+ 33. Qxf1 h5 34. Re1 Qc5 35. Qd3 Rc7 36. Rd1 g6 37. Kh2 Qe5+ 38. Kh1 Rc3 39. Qd2 d5 40. Qe2 Qf6 41. Qd2 Ra3 42. Rc1 Ra1 43. Qc2 Rxc1+ 44. Qxc1 Qe5 45. Kg1 Kg7 46. Kf1 Qf5 47. Qe3 Qf6 48. Kf2 Qb2+ 49. Kg3 Qb4 50. Qf4 Qe1+ 51. Kh2 e5 52. Qg5 d4 53. Bxh5 Qe3 54. Bf3 Qxg5 0-1

[Event "January 2 Late 2024"]
[Site "https://www.chess.com"]
[Date "2024.01.02"]
[Round "10"]
[White "Suvorov, Luca"]
[Black "Gerbelli Neto, Eduardo"]
[Result "1/2-1/2"]
[Board "88"]
[TimeControl "180+1"]
[WhiteFideId "12977071"]
[BlackFideId "2103281"]
[WhiteElo "2504"]
[BlackElo "2375"]
[WhiteTeam "GER"]
[BlackTeam "BRA"]
[WhiteClock "0:00:04"]
[BlackClock "0:00:06"]

1. e4 e5 2. Nf3 Nc6 3. Bb5 a6 4. Ba4 d6 5. O-O Bg4 6. h3 h5 7. Bxc6+ bxc6 8. d3 Qf6 9. Nbd2 Ne7 10. Qe1 Ng6 11. Nh2 Nf4 12. Ndf3 Nxh3+ 13. gxh3 Bxf3 14. Qe3 Bg4 15. hxg4 hxg4 16. Qg5 Qe6 17. Qxg4 Qf6 18. Qg5 Qe6 19. Qg4 Qf6 20. f4 Be7 21. Rf2 Rh4 22. Qg3 O-O-O 23. fxe5 Qxe5 24. Qxe5 dxe5 25. Be3 Rdh8 26. Raf1 Rh3 27. Re1 Bh4 28. Nf3 Rxf3 29. Rxf3 Bxe1 30. Rxf7 g5 31. Rf5 g4 32. Rxe5 g3 33. Rg5 Rf8 34. Rf5 Rh8 35. Bf4 Rh2 36. Rf8+ Kb7 37. Rg8 Rxc2 38. Bxg3 Bxg3 39. Rxg3 Rxb2 40. Rg2 Rb1+ 41. Kf2 Rd1 42. Ke3 c5 43. Rc2 Kb6 44. Rb2+ Kc6 45. Rc2 Kd6 46. Rd2 Rf1 47. Ke2 Rh1 48. Kf3 Ke5 49. Rc2 Kd4 50. Rc4+ Kxd3 51. Rxc5 Ra1 52. Rd5+ Kc4 53. Ra5 c5 54. Rxa6 Kb5 55. Ra8 Rf1+ 56. Ke3 c4 57. e5 Re1+ 58. Kd4 Rd1+ 59. Ke4 c3 60. Rc8 Re1+ 61. Kd5 Rd1+ 62. Ke4 Rd2 63. e6 Re2+ 64. Kd5 Rxa2 65. Kd6 Rd2+ 66. Ke7 c2 67. Kf7 Rf2+ 68. Ke8 Kb4 69. e7 Kb3 70. Rb8+ Kc3 71. Rc8+ Kd2 72. Kd7 Re2 73. e8=Q Rxe8 74. Kxe8 c1=Q 75. Rxc1 Kxc1 1/2-1/2